 Dungeon Crawl Stone Soup version 0.29.1-2-gbd0b4ee654 (webtiles) character file.

Game seed: 9151519884909645859

6 Zeld the Conjurer (level 1, 0/13 HPs)
             Began as a Demonspawn Conjurer on Oct 28, 2022.
             Slain by a quokka (2 damage)
             ... on level 1 of the Dungeon.
             The game lasted 00:00:29 (308 turns).

Zeld the Conjurer (Demonspawn Conjurer)              Turns: 308, Time: 00:00:30

Health: 0/13       AC:  2    Str:  7    XL:     1   Next: 75%
Magic:  1/3        EV: 12    Int: 19    God:
Gold:   22         SH:  0    Dex: 11    Spells: 3/4 levels left

rFire   . . .      SeeInvis .   (no weapon)
rCold   . . .      Faith    .   (no shield)
rNeg    . . .      Spirit   .   a - +0 robe
rPois   .          Reflect  .   (no helmet)
rElec   .          Harm     .   (no cloak)
rCorr   .          Rampage  .   (no gloves)
Will    .....                   (no boots)
Stlth   ++........              (no amulet)
HPRegen 0.04/turn               (no ring)
MPRegen 0.08/turn               (no ring)

@: no status effects
A: no striking features
a: no special abilities


You were on level 1 of the Dungeon.
You visited 1 branch of the dungeon, and saw 1 of its levels.

You collected 22 gold pieces.

Inventory:

Armour
 a - a +0 robe (worn)
Scrolls
 c - a scroll of blinking {unknown}
 d - a scroll of identify {unknown}
Potions
 b - a potion of magic
 e - a potion of flight {unknown}


   Skills:
 + Level 1.9 Dodging
 + Level 1.9 Stealth
 * Level 2.2 Spellcasting
 + Level 4.0 Conjurations


You had 3 spell levels left.
You knew the following spells:

 Your Spells              Type           Power      Damage    Failure   Level
a - Magic Dart            Conj           68%        1d6       3%          1

Your spell library contained the following spells:

 Spells                   Type           Power      Damage    Failure   Level
 Searing Ray              Conj           34%        2d5       4%          2
 Dazzling Flash           Conj/Hex       18%        N/A       22%         3
 Fulminant Prism          Conj/Hex       4%         3d6       56%         4
 Iskenderun's Mystic Bla  Conj/Tloc      9%         2d4       56%         4


Dungeon Overview and Level Annotations

Branches:
Dungeon (1/15)

Altars:


Message History

A kobold comes into view. It is wielding a +0 short sword.
The magic dart hits the kobold.
The kobold is heavily wounded.
A kobold is nearby!
A kobold is nearby!
You are out of magic!
A kobold is nearby!
A hobgoblin comes into view.
The hobgoblin shouts!
The kobold completely misses you.
You barely miss the kobold.
The kobold is heavily wounded.
A bat comes into view.
The kobold hits you but does no damage.
The bat moves out of view.
You hit the kobold.
The kobold is severely wounded.
A quokka comes into view.
The kobold hits you with a +0 short sword.
You hit the kobold.
You kill the kobold!
An endoplasm comes into view.
The endoplasm quivers.
You see here a +0 short sword.
You barely miss the hobgoblin. The hobgoblin hits you.
The endoplasm jiggles.
You hit the hobgoblin but do no damage. The hobgoblin barely misses you.
You barely miss the hobgoblin. The quokka bites you.
The hobgoblin closely misses you. The quokka attacks as you move away!
The quokka bites you but does no damage.
The hobgoblin attacks as you move away! The hobgoblin barely misses you.
The hobgoblin attacks as you move away! The hobgoblin hits you.
* * * LOW HITPOINT WARNING * * *
The quokka attacks as you move away! The quokka barely misses you.
The quokka misses you. The quokka attacks as you move away!
The quokka bites you.
* * * LOW HITPOINT WARNING * * *
There is a stone staircase leading down here.
The quokka bites you.
You die...

##'###### . ......).#
. .....≈≈≈# ###
≈≈≈≈≈≈### #.#
##+#####.. #.#
........# ####.# #.#
##.#########.##>## #.#
#................###.#
.......†.#.....#@.##.#
........)......##r.#.#
....8...).########g#.#
...8_8.......
#b#.####...
....8........
#.J)b†.....
#.............
##.#..##...
#.###......... #...##
#. ##....... #.... #.
...... ....##


You could see an endoplasm, a quokka, a hobgoblin and a bat.

Vanquished Creatures
  2 hobgoblins (D:1)
  A ball python (D:1)
  A frilled lizard (D:1)
  2 kobolds (D:1)
6 creatures vanquished.

Vanquished Creatures (others)
  4 toadstools (D:1)
4 creatures vanquished.

Grand Total: 10 creatures vanquished

Notes
Turn   | Place    | Note
-------+----------+-------------------------------------------
     0 | D:1      | Zeld the Demonspawn Conjurer began the quest for the Orb.
     0 | D:1      | Reached XP level 1. HP: 13/13 MP: 3/3
   210 | D:1      | Found a faded altar of an unknown god.
   308 | D:1      | Slain by a quokka

Illustrated notes

Levels and vault maps discovered:
D:1:      dpeg_arrival_morbid_curiosity, layout_rooms,
          chequers_ecumenical_altar_simple, minmay_gold_behind_fungi,
          serial_bayou_pond_e

Action                   || total
-------------------------++-------
Melee: Unarmed           ||     6
 Cast: Magic Dart        ||    10
Armor: Robe              ||     2
Dodge: Dodged            ||     8
